 Dungeon Crawl Stone Soup version 0.25.1-8-g42b30a86e7 (webtiles) character file.

Game seed: 12931946246842932560

358 hawla the Skirmisher (level 6, -7/60 HPs)
             Began as a Minotaur Gladiator on Dec 4, 2020.
             Mangled by a slave (8 damage)
             ... led by Pikel
             ... on level 4 of the Dungeon.
             The game lasted 00:07:30 (3375 turns).

hawla the Skirmisher (Minotaur Gladiator)           Turns: 3375, Time: 00:07:31

Health: -7/60      AC:  4    Str: 19    XL:     6   Next: 37%
Magic:  4/4        EV: 13    Int:  6    God:
Gold:   131        SH:  0    Dex: 12    Spells: 5/5 levels left

rFire    . . .     SeeInvis .   a - +1 war axe
rCold    . . .     Gourm    .   (no shield)
rNeg     . . .     Faith    .   b - +0 leather armour
rPois    .         Spirit   .   c - +1 hat
rElec    .         Reflect  .   (no cloak)
rCorr    .         Harm     .   (no gloves)
MR       .....                  (no boots)
Stlth    +.........             (no amulet)
HPRegen  0.20/turn              (no ring)
MPRegen  0.09/turn              (no ring)

@: about to teleport
A: retaliatory headbutt, horns 2, low mp 1, subdued magic 1
a: no special abilities


You were on level 4 of the Dungeon.
You were not hungry.

You visited 1 branch of the dungeon, and saw 4 of its levels.

You collected 131 gold pieces.

Inventory:

Hand Weapons
 a - a +1 war axe (weapon)
Missiles
 d - 2 throwing nets
 e - 16 poisoned darts (quivered)
 g - 9 silver boomerangs
 t - 8 boomerangs
Armour
 b - a +0 leather armour (worn)
 c - a +1 hat (worn)
Scrolls
 j - 2 scrolls of magic mapping
 m - a scroll of enchant armour
 p - a scroll of remove curse
Potions
 h - 2 potions of curing
 i - a potion of flight
 l - a potion of degeneration
 r - a potion of cancellation
Comestibles
 f - 9 rations
 k - 6 chunks of flesh


   Skills:
 + Level 7.4 Fighting
 - Level 5.0 Axes
 - Level 2.0 Throwing
 - Level 3.2 Dodging


You had 5 spell levels left.
You didn't know any spells.
Your spell library contained the following spells:

 Spells                   Type           Power        Failure   Level  Hunger
 Animate Skeleton         Necr           N/A          47%         1    ##.....
 Pain                     Necr           #...         47%         1    ##.....
 Vampiric Draining        Necr           #.........   85%         3    ####...
 Animate Dead             Necr           N/A          99%         4    #####..
 Agony                    Necr           #.......     100%        5    ######.


Dungeon Overview and Level Annotations

Branches:
Dungeon (4/15)
 Temple: D:4-7

Altars:
Elyvilon
Fedhas
Qazlal
Yredelemnul
The Shining One

Annotations:
D:4 Pikel


Innate Abilities, Weirdness & Mutations

You reflexively headbutt those who attack you in melee.
You have a pair of horns on your head.
Your magical capacity is low. (-10% MP)
Your spells are a little easier to cast, but a little less powerful.


Message History

* * * LOW HITPOINT WARNING * * *
The slave hits you.
* * * LOW HITPOINT WARNING * * *
The slave barely misses you.
Pikel hits you with a +2 whip of flaming.
* * * LOW HITPOINT WARNING * * *
Pikel burns you.
* * * LOW HITPOINT WARNING * * *
You feel better. The slave misses you. The slave hits you.
* * * LOW HITPOINT WARNING * * *
The slave barely misses you. You furiously retaliate!
You headbutt the slave.
Pikel hits you with a +2 whip of flaming.
* * * LOW HITPOINT WARNING * * *
Pikel burns you.
* * * LOW HITPOINT WARNING * * *
As you read the scroll of teleportation, it crumbles to dust.
You feel strangely unstable. The slave hits you.
* * * LOW HITPOINT WARNING * * *
The slave hits you!
You die...

#......#.....รท.............
#......#.........########.#
#......#...............##.#
#......#.............#.....
#.......####.#........###.#
#.......## #...............
####..#?.# ####............
###....### ##.....#.#...
.......lp@# #.......#...
........pKp# ##......#...
.........p..# #..#.......
...>.....(..# #..........
..............##..###)....
........)..........###....
..........................
..........#######........
#.......###..


You could see Pikel, 4 slaves and a leopard gecko.

Vanquished Creatures
  An ogre (D:4)
  A howler monkey (D:4)
  A crimson imp (D:4)
  An orc priest (D:4)
  A centaur skeleton (D:4)
  An iguana (D:4)
  3 adders
  An ooze (D:3)
  An adder skeleton (D:4)
  3 dart slugs (D:2)
  4 leopard geckos
  9 orcs
  8 giant cockroaches
  4 goblins
  5 hobgoblins
  2 jackals (D:2)
  3 quokkas
  2 ball pythons (D:2)
  7 bats
  6 frilled lizards
  4 kobolds
  3 rats (D:2)
  2 plants (D:3)
73 creatures vanquished.

Vanquished Creatures (others)
  2 hobgoblins
2 creatures vanquished.

Grand Total: 75 creatures vanquished

Notes
Turn   | Place    | Note
-------+----------+-------------------------------------------
     0 | D:1      | hawla the Minotaur Gladiator began the quest for the Orb.
     0 | D:1      | Reached XP level 1. HP: 18/18 MP: 0/0
   256 | D:1      | Reached skill level 3 in Fighting
   319 | D:1      | Reached XP level 2. HP: 25/26 MP: 1/1
   597 | D:2      | Gained mutation: Your spells are a little easier to cast,
                  | but a little less powerful. [potion of mutation]
   597 | D:2      | Gained mutation: You are frail. (-10% HP) [potion of
                  | mutation]
   597 | D:2      | Gained mutation: Your magical capacity is low. (-10% MP)
                  | [potion of mutation]
   597 | D:2      | Lost mutation: You are frail. (-10% HP) [potion of
                  | mutation]
   914 | D:2      | Found a stormy altar of Qazlal.
   926 | D:2      | Reached XP level 3. HP: 27/33 MP: 1/1
  1033 | D:2      | Reached skill level 4 in Fighting
  1126 | D:2      | Found a glowing golden altar of the Shining One.
  1128 | D:2      | Noticed an angel
  1140 | D:2      | Found a basalt altar of Yredelemnul.
  1142 | D:2      | Noticed a profane servitor
  1201 | D:2      | Found a white marble altar of Elyvilon.
  1201 | D:2      | Found a blossoming altar of Fedhas.
  1704 | D:3      | Reached XP level 4. HP: 25/41 MP: 2/2
  2537 | D:4      | Noticed an ogre
  2549 | D:4      | Killed an ogre
  2549 | D:4      | Reached skill level 5 in Fighting
  2549 | D:4      | Reached skill level 5 in Axes
  2549 | D:4      | Reached XP level 5. HP: 6/49 MP: 3/3
  2844 | D:4      | Reached skill level 6 in Fighting
  3123 | D:4      | Reached XP level 6. HP: 41/58 MP: 4/4
  3147 | D:4      | Reached skill level 7 in Fighting
  3363 | D:4      | Noticed a slave
  3364 | D:4      | Noticed Pikel
  3364 | D:4      | Noticed a slave
  3364 | D:4      | Noticed a slave
  3365 | D:4      | Noticed a slave
  3374 | D:4      | HP: 3/60 [Pikel/+2 whip of flaming (3)]
  3375 | D:4      | HP: 1/60 [slave[Pikel] (2)]
  3375 | D:4      | Mangled by a slave

Illustrated notes

Levels and vault maps discovered:
D:1:      dpeg_arrival_lava_temple_mockup, layout_rooms, hangedman_decor_push,
          minivault_23, serial_bayou_pond_c, lemuel_flame_loot_1
D:2:      layout_loops_ring, grunt_temple_overflow_holy_war,
          grunt_qazlal_clouds, amethyst_overflow_temple_binary
D:3:      layout_rooms, serial_bayou, serial_bayou_shore_a,
          serial_bayou_crossing, serial_bayou_pond_d, serial_bayou_pond_e,
          serial_bayou_lagoon_a
D:4:      layout_rooms, first_ration, grunt_ministairs_1, uniq_pikel

Skill      XL: |  1  2  3  4  5  6 |
---------------+-------------------+-----
Fighting       | 3 4 5 6 7 |  7.4
Axes           | 4 5 |  5.0
Throwing       | |  2.0
Dodging        | |  3.2

Action                   |  1- 3 |  4- 6 || total
-------------------------+-------+-------++-------
Melee: War axe           |    71 |   105 ||   176
       Headbutt          |    10 |    17 ||    27
Throw: Throwing net      |       |     2 ||     2
       Dart              |       |     1 ||     1
  Use: Scroll            |     9 |     3 ||    12
       Potion            |     1 |     3 ||     4
  Eat: Chunk             |     2 |     6 ||     8
Armor: Leather armour    |    20 |    12 ||    32
Dodge: Dodged            |    53 |    58 ||   111
